 Dungeon Crawl Stone Soup version 0.20.1-1-g8b1a95d (webtiles) character file.

2366 vishdafish the Chopper (level 9, -5/68 (69) HPs)
             Began as a Demonspawn Fighter on July 6, 2017.
             Slain by a two-headed ogre
             ... wielding a +0 giant club
              (13 damage)
             ... on level 8 of the Dungeon on July 7, 2017.
             The game lasted 00:13:39 (7775 turns).

vishdafish the Chopper (Demonspawn Fighter)         Turns: 7775, Time: 00:13:41

HP:   -5/68 (69)    AC:  9    Str: 25    XL:     9   Next: 21%
MP:   9/9           EV:  8    Int: 10    God:
Gold: 299           SH: 12    Dex: 12    Spells: 8/8 levels left

rFire    . . .     SeeInvis .   a - +1 war axe
rCold    . . .     Gourm    .   c - +1 shield
rNeg     + . .     Faith    .   b - +0 scale mail
rPois    .         Spirit   .   (helmet unavailable)
rElec    .         Reflect  .   (no cloak)
rCorr    .         Harm     .   (no gloves)
MR       .....                  (no boots)
Stlth    ..........             (no amulet)
Regen    0.3/turn               u - ring of positive energy
MPRegen  0.2/turn               (no ring)

@: mighty
A: claws 1, horns 3, iridescent scales 1, powered by death 1, powered by pain 2
a: no special abilities


You were on level 8 of the Dungeon.
You were hungry.

You visited 2 branches of the dungeon, and saw 9 of its levels.

You collected 299 gold pieces.

Inventory:

Hand Weapons
 a - a +1 war axe (weapon)
Armour
 b - a +0 scale mail (worn)
 c - a +1 shield (worn)
 p - a +0 troll leather armour {Purgy}
Jewellery
 u - a ring of positive energy (left claw)
Wands
 C - a wand of polymorph (11/24)
 E - a wand of lightning (10/15)
 H - a wand of polymorph (12/24)
Scrolls
 d - 3 scrolls of enchant armour
 e - 3 scrolls of magic mapping {unknown}
 i - a scroll of teleportation
 k - a scroll of identify
 l - a scroll of immolation {unknown}
 o - 3 scrolls of remove curse
 y - 2 scrolls of noise {unknown}
 G - a scroll of blinking {unknown}
 I - a scroll of enchant weapon
Potions
 g - 2 potions of heal wounds
 h - 2 potions of curing
 j - 2 potions of cancellation
 m - 3 potions of invisibility
 n - a potion of flight
 q - a potion of haste
 r - a potion of magic {unknown}
 s - a potion of brilliance {unknown}
 v - a potion of ambrosia {unknown}
 w - 3 potions of might
 x - 4 potions of lignification
 A - a potion of degeneration {unknown}
 F - a potion of experience {unknown}
Comestibles
 f - 6 bread rations
 t - 3 fruits
 z - 2 royal jellies
 B - a meat ration


   Skills:
 + Level 6.1 Fighting
 * Level 7.2 Axes
 + Level 5.6 Armour
 + Level 6.1 Shields


You had 8 spell levels left.
You didn't know any spells.

Dungeon Overview and Level Annotations

Branches:
Dungeon (8/15)             Temple (1/1) D:6
   Lair: D:8-11

Altars:
Ashenzari
Cheibriados
Dithmenos
Elyvilon
Fedhas
Gozag
Hepliaklqana
Makhleb
Nemelex Xobeh
Okawaru
Ru
Sif Muna
Trog
Uskayaw
Vehumet
Xom
Yredelemnul
Zin

Annotations:
D:4 exclusion: oklob plant
D:5 exclusion: oklob plant


Innate Abilities, Weirdness & Mutations

You have a pair of large horns on your head.
You are partially covered in iridescent scales. (AC +2)
You regenerate a little health from kills.
You sometimes gain power by taking damage.
You have sharp fingernails.


Message History

The two-headed ogre hits you with a giant club.
You block the two-headed ogre's attack.
You hit the two-headed ogre.
The two-headed ogre is moderately wounded.
You block the two-headed ogre's attack.
The two-headed ogre hits you with a dire flail!
You focus on the pain.
You feel mightier all of a sudden.
You barely miss the two-headed ogre.
The two-headed ogre is lightly wounded.
The two-headed ogre hits you but does no damage.
You block the two-headed ogre's attack.
You slash the two-headed ogre! You headbutt the two-headed ogre.
The two-headed ogre is heavily wounded.
The two-headed ogre hits you with a giant club!!
* * * LOW HITPOINT WARNING * * *
The two-headed ogre completely misses you.
You block the two-headed ogre's attack.
The two-headed ogre hits you with a dire flail!
You die...

#####..##......# #..............
+.......#......# #..............
#..(....#......# #..............
#..##...#......####..............
#..##...#...........#+#########..
...#....'...........# .
...#....#...........#
...'....#...........#
.####..##.......@O..# ##
####......####....... #......#
#........ #......# .......
#......# ......# #......#
......######+ #### #..........
#.......... #..........


You could see a two-headed ogre.

Vanquished Creatures
  Grinder (D:6)
  A spriggan (D:7)
  An orc warrior (D:6)
  An ice beast (D:7)
  Purgy (D:3)
  A sky beast (D:8)
  An ogre (D:5)
  2 necrophages (D:6)
  A phantom (D:4)
  A big kobold (D:7)
  3 bullfrogs
  A wandering mushroom (D:4)
  2 scorpions (D:7)
  A howler monkey (D:5)
  2 crimson imps
  2 bullfrog zombies (D:7)
  A jelly (D:5)
  2 centaur skeletons
  5 orc wizards
  4 orc priests
  3 hounds
  Terence (D:3)
  An iguana (D:8)
  3 worker ants
  9 adders
  2 shadow imps
  2 adder skeletons
  2 worms
  3 dart slugs
  3 leopard geckos
  16 orcs
  4 giant cockroaches
  2 goblins
  9 hobgoblins
  17 jackals
  9 kobolds
  2 quokkas
  3 ball pythons
  12 bats
  6 frilled lizards
  A quokka skeleton (D:7)
  12 rats
156 creatures vanquished.

Vanquished Creatures (others)
  A ball lightning (D:4)
1 creature vanquished.

Grand Total: 157 creatures vanquished

Notes
Turn   | Place    | Note
-------+----------+-------------------------------------------
     0 | D:1      | vishdafish the Demonspawn Fighter began the quest for the Orb.
     0 | D:1      | Reached XP level 1. HP: 18/18 MP: 1/1
     3 | D:1      | Noticed an electric eel
     3 | D:1      | Noticed an electric eel
   172 | D:1      | Gained mutation: You regenerate a little health from kills. [demonic ancestry]
   172 | D:1      | Reached XP level 2. HP: 7/24 MP: 2/2
   421 | D:1      | Reached skill level 2 in Axes
   795 | D:1      | Gained mutation: You are partially covered in iridescent scales. (AC +2) [demonic ancestry]
   795 | D:1      | Reached XP level 3. HP: 29/29 MP: 3/3
  1504 | D:2      | Reached XP level 4. HP: 34/35 MP: 4/4
  2144 | D:3      | Reached skill level 3 in Axes
  2144 | D:3      | Gained mutation: You have a pair of small horns on your head. [demonic ancestry]
  2144 | D:3      | Reached XP level 5. HP: 24/41 MP: 5/5
  2777 | D:3      | Noticed Terence
  2824 | D:3      | Killed Terence
  2824 | D:3      | Gained mutation: You sometimes gain a little power by taking damage. [demonic ancestry]
  2824 | D:3      | Reached XP level 6. HP: 36/48 MP: 6/6
  2878 | D:3      | Found a faded altar of an unknown god.
  2884 | D:3      | Became a worshipper of Fedhas Madash
  2884 | D:3      | Reached * piety under Fedhas
  2885 | D:3      | Fell from the grace of Fedhas
  3040 | D:3      | Noticed Purgy
  3048 | D:3      | Killed Purgy
  3278 | D:4      | Found a sacrificial altar of Ru.
  3284 | D:4      | Found a bloodstained altar of Trog.
  3346 | D:4      | Reached skill level 4 in Axes
  3670 | D:4      | Gained mutation: You sometimes gain power by taking damage. [demonic ancestry]
  3670 | D:4      | Reached XP level 7. HP: 39/54 MP: 7/7
  3798 | D:4      | Noticed an oklob plant
  3798 | D:4      | Noticed a wandering mushroom
  3798 | D:4      | Noticed a wandering mushroom
  4263 | D:5      | Entered Level 5 of the Dungeon
  4269 | D:5      | HP: 1/55 [ogre/giant club (22)]
  5107 | D:5      | Found a shadowy altar of Dithmenos.
  5354 | D:5      | Noticed a wandering mushroom
  5354 | D:5      | Noticed a wandering mushroom
  5354 | D:5      | Noticed an oklob plant
  5354 | D:5      | Noticed a wandering mushroom
  5545 | D:6      | Found an opulent altar of Gozag.
  5545 | D:6      | Noticed Grinder
  5549 | D:6      | Paralysed by Grinder for 5 turns
  5566 | D:6      | Paralysed by Grinder for 4 turns
  5583 | D:6      | Killed Grinder
  5583 | D:6      | Reached skill level 5 in Fighting
  5583 | D:6      | Reached skill level 5 in Axes
  5583 | D:6      | Reached skill level 5 in Shields
  5583 | D:6      | Gained mutation: You have a pair of horns on your head. [demonic ancestry]
  5583 | D:6      | Reached XP level 8. HP: 32/62 MP: 8/8
  6207 | D:6      | You fall through a shaft!
  6341 | D:6      | Found a staircase to the Ecumenical Temple.
  6452 | D:6      | Reached skill level 6 in Axes
  6503 | Temple   | Entered the Ecumenical Temple
  6719 | D:6      | Reached skill level 5 in Armour
  7389 | D:7      | Reached XP level 9. HP: 58/68 MP: 9/9
  7443 | D:7      | Gained mutation: You have sharp fingernails. [potion of mutation]
  7443 | D:7      | Gained mutation: You have a pair of large horns on your head. [potion of mutation]
  7488 | D:8      | Reached skill level 7 in Axes
  7701 | D:8      | Noticed a two-headed ogre
  7775 | D:8      | Slain by a two-headed ogre

Skill      XL: |  1  2  3  4  5  6  7  8  9 |
---------------+----------------------------+-----
Shields        | 3 4 5 6 |  6.1
Axes           | 2 3 4 5 6 7 |  7.2
Armour         | 3 4 5 |  5.6
Fighting       | 4 5 6 |  6.1

Action                   |  1- 3 |  4- 6 |  7- 9 || total
-------------------------+-------+-------+-------++-------
Melee: War axe           |   114 |   211 |   299 ||   624
       Headbutt          |       |    13 |    65 ||    78
Invok: Renounce Religion |       |     1 |       ||     1
  Use: Potion            |     1 |     1 |     3 ||     5
       Scroll            |       |       |    14 ||    14
  Eat: Chunk             |     1 |     8 |     7 ||    16
       Bread ration      |       |       |     1 ||     1
       Royal jelly       |       |       |     1 ||     1
Armor: Scale mail        |    73 |   104 |   105 ||   282
Dodge: Dodged            |    39 |    80 |    58 ||   177
Block: Shield            |    77 |   132 |   168 ||   377
